 Dungeon Crawl Stone Soup version 0.22-b1-59-g0aedee7 (webtiles) character file.

242 Gergoth the Skirmisher (level 6, -4/40 HPs)
             Began as a Gargoyle Fighter on Aug 9, 2018.
             Killed by divine providence
             ... invoked by an orc priest
              (10 damage)
             ... on level 3 of the Dungeon.
             The game lasted 00:03:03 (2108 turns).

Gergoth the Skirmisher (Gargoyle Fighter)           Turns: 2108, Time: 00:03:03

Health: -4/40      AC: 13    Str: 20    XL:     6   Next: 9%
Magic:  6/6        EV:  9    Int: 10    God:
Gold:   173        SH:  0    Dex:  9    Spells: 5/5 levels left

rFire    . . .     SeeInvis .   a - +0 flail
rCold    . . .     Gourm    .   (no shield)
rNeg     + . .     Faith    .   b - +0 scale mail
rPois    ∞         Spirit   .   q - +0 helmet
rElec    +         Reflect  .   (no cloak)
rCorr    .         Harm     .   r - +0 pair of gloves
MR       .....                  (no boots)
Stlth    ..........             (no amulet)
HPRegen  0.13/turn              (no ring)
MPRegen  0.10/turn              (no ring)

@: no status effects
A: negative energy resistance 1, electricity resistance, unbreathing,
petrification resistance, rot immunity, AC +4
a: no special abilities


You were on level 3 of the Dungeon.
You were not hungry.

You visited 1 branch of the dungeon, and saw 4 of its levels.

You collected 173 gold pieces.

Inventory:

Hand Weapons
 a - a +0 flail (weapon)
Armour
 b - a +0 scale mail (worn)
 c - a +0 shield
 g - a +0 plate armour
 q - a +0 helmet (worn)
 r - a +0 pair of gloves (worn)
Jewellery
 e - an uncursed ring of wizardry {unknown}
 v - an uncursed ring of positive energy {unknown}
Scrolls
 i - 2 scrolls of remove curse {unknown}
 j - 2 scrolls of blinking {unknown}
 k - 2 scrolls of amnesia {unknown}
 m - a scroll of fear {unknown}
 o - 2 scrolls of identify {unknown}
 w - a scroll of immolation {unknown}
Potions
 d - a potion of might
 h - a potion of curing {unknown}
 l - 2 potions of haste {unknown}
 n - a potion of heal wounds {unknown}
 p - a potion of mutation {unknown}
 s - a potion of degeneration {unknown}
 u - a potion of agility {unknown}
 x - a potion of lignification {unknown}
Comestibles
 f - 4 rations
 t - 8 chunks of flesh


   Skills:
 + Level 5.6 Fighting
 + Level 4.5 Maces & Flails
 - Level 3.2 Armour
 - Level 3.2 Shields


You had 5 spell levels left.
You didn't know any spells.
Your spell library was empty.

Dungeon Overview and Level Annotations

Branches:
Dungeon (4/15)
 Temple: D:4-7

Altars:
Dithmenos


Innate Abilities, Weirdness & Mutations

You are resistant to torment.
Your stone body is resilient. (AC +4)
You are immune to poison.
You resist negative energy. (rN+)
You are resistant to electric shocks. (rElec)
You can survive without breathing.
You are immune to petrification.
You are immune to rotting.


Message History

Unknown command.
You closely miss the orc priest.
The orc priest hits you but does no damage.
You hit the orc priest.
The orc priest is moderately wounded.
The orc priest completely misses you.
You barely miss the orc priest.
The orc priest is moderately wounded.
The orc priest closely misses you.
You hit the orc priest.
The orc priest is moderately wounded.
The orc priest hits you but does no damage.
You barely miss the orc priest.
The orc priest is moderately wounded.
The orc priest hits you but does no damage.
You hit the orc priest.
The orc priest is severely wounded.
The orc priest calls down the wrath of Beogh upon you.
Beogh smites you!
You die...

.......#######...# #.)......###
.................# #...........
...[...########..#####...........
..(....#####........########.....
#########...........# ######
#...........# #......#.#####
#......#.)...### #......#@......#
#########o...#.# #....#.#
#....#.# #....#.# ###....#.#
#......#.# #......#.# #.....##.#


You could see an orc priest.

Vanquished Creatures
  A howler monkey (D:4)
  A hound (D:4)
  An orc wizard (D:3)
  A worker ant (D:4)
  6 adders
  A river rat (D:4)
  A leopard gecko (D:3)
  4 orcs
  5 bats
  5 giant cockroaches
  5 goblins
  9 hobgoblins
  2 jackals (D:3)
  A quokka (D:2)
  2 ball pythons (D:1)
  3 frilled lizards
  9 kobolds
  8 rats
65 creatures vanquished.

Notes
Turn   | Place    | Note
-------+----------+-------------------------------------------
     0 | D:1      | Gergoth the Gargoyle Fighter began the quest for the Orb.
     0 | D:1      | Reached XP level 1. HP: 14/14 MP: 1/1
   255 | D:1      | Reached XP level 2. HP: 15/19 MP: 2/2
   818 | D:2      | Reached skill level 4 in Fighting
   818 | D:2      | Reached XP level 3. HP: 21/24 MP: 3/3
  1196 | D:2      | Reached XP level 4. HP: 30/30 MP: 4/4
  1595 | D:3      | Found a shadowy altar of Dithmenos.
  1796 | D:3      | Reached XP level 5. HP: 22/34 MP: 5/5
  1812 | D:3      | Reached skill level 5 in Fighting
  2078 | D:4      | Reached XP level 6. HP: 38/40 MP: 6/6
  2108 | D:3      | Killed from afar by an orc priest

Skill      XL: |  1  2  3  4  5 |
---------------+----------------+-----
Fighting       | 4 5 |  5.6
Maces & Flails | 3 4 |  4.5
Armour         | |  3.2
Shields        | |  3.2

Action                   |  1- 3 |  4- 6 || total
-------------------------+-------+-------++-------
Melee: Flail             |   111 |   128 ||   239
  Eat: Chunk             |     1 |     3 ||     4
Armor: Scale mail        |    73 |    75 ||   148
       Plate armour      |       |    50 ||    50
Dodge: Dodged            |    81 |    67 ||   148
